AoeStats
← Barba_Tiesa

Nomad

510878535Analyzed
3v3 RM · 10h ago on Oct 2, 2026· 27m 46s· 6 players
Game mode
Random Map
Map size
210×210
Population
200
Speed
Normal
Resources
Standard
Victory
Conquest
Starting age
Dark Age
Ending age
Imperial Age
RankedLock teamsTeams togetherTeam positionsShared explorationLock speedFull tech treeHidden civsTurbo modeCheats
Victory
Defeat
🇲🇽 Vietnamese · Mexico
1382
+8
🇨🇴 Persians · Colombia
1291
+11
🇭🇳 Spanish · Honduras
1247
+13
🇲🇽 Danes · Mexico
1219
-12
🇲🇽 Huns · Mexico
1202
-11
🇧🇷 Wei · Brazil
1131
-9
Barba_Tiesa
6:45 Loom
13:02 Feudal Age
15:38 Double-Bit Axe
17:48 Fletching
22:52 Fishing Lines
23:39 Gold Mining
24:23 Stone Mining
24:33 Town Watch
25:24 Wheelbarrow
25:06 Horse Collar
27:10 Wheelbarrow
jorgeage34
5:14 Loom
15:19 Feudal Age
15:52 Fishing Lines
16:00 Double-Bit Axe
17:59 Fletching
22:43 Castle Age
24:18 Gambesons
24:33 Squires
27:31 Wheelbarrow
LordAlvarito
3:04 Loom
13:14 Feudal Age
24:52 Castle Age
23:19 Fletching
24:03 Stone Mining
SOITA
2:58 Loom
12:20 Feudal Age
12:52 Town Watch
13:39 Fletching
24:32 Stone Mining
26:48 Castle Age
24:44 Double-Bit Axe
24:46 Horse Collar
27:24 Wheelbarrow
WATERMELON
4:19 Loom
12:58 Feudal Age
18:44 Castle Age
17:25 Fishing Lines
20:42 Double-Bit Axe
21:31 Fletching
22:08 Bow Saw
26:24 Wheelbarrow
25:35 Town Watch
27:39 Scale Barding Armor
ObsiDiana
2:59 Loom
13:44 Feudal Age
18:26 Castle Age
18:24 Double-Bit Axe
19:30 Fletching
20:37 Bow Saw
25:08 Town Watch
27:09 Bodkin Arrow
Connection lost

Rejoining the realm…

Still unreachable

The connection could not be restored.

Session expired

The server has moved on; the page needs a fresh start.